 Dungeon Crawl Stone Soup version 0.21-a0-331-gfb491b4 (webtiles) character file.

29 aurelian the Cudgeler (level 3, -3/31 HPs)
             Began as a Minotaur Abyssal Knight on Oct 2, 2017.
             Was a Follower of Lugonu.
             Slain by a gnoll (5 damage)
             ... on level 2 of the Dungeon.
             The game lasted 00:02:24 (1423 turns).

aurelian the Cudgeler (Minotaur Abyssal Knight)     Turns: 1423, Time: 00:02:25

Health: -3/31      AC:  3    Str: 17    XL:     3   Next: 1%
Magic:  3/3        EV: 11    Int:  9    God:    Lugonu [*.....]
Gold:   38         SH:  0    Dex:  9    Spells: 2/2 levels left

rFire    . . .     SeeInvis .   a - +1 mace
rCold    . . .     Gourm    .   (no shield)
rNeg     . . .     Faith    .   b - +0 leather armour
rPois    .         Spirit   .   g - +0 hat
rElec    .         Reflect  .   (no cloak)
rCorr    .         Harm     .   (no gloves)
MR       .....                  (no boots)
Stlth    +.........             (no amulet)
HPRegen  0.10/turn              (no ring)
MPRegen  0.08/turn              (no ring)

@: no status effects
A: retaliatory headbutt, horns 2
a: Depart the Abyss, Renounce Religion


You were on level 2 of the Dungeon.
You worshipped Lugonu.
Lugonu was aware of your devotion.
You were hungry.

You visited 1 branch of the dungeon, and saw 2 of its levels.
You visited the Abyss 1 time.

You collected 38 gold pieces.

Inventory:

Hand Weapons
 a - a +1 mace (weapon)
Missiles
 e - 81 stones (quivered)
 h - 60 sling bullets
Armour
 b - a +0 leather armour (worn)
 g - a +0 hat (worn)
Scrolls
 d - 2 scrolls of identify {unknown}
 k - a scroll of magic mapping {unknown}
Comestibles
 c - 2 bread rations
 i - a meat ration
 j - a royal jelly
 l - 4 fruits


   Skills:
 - Level 3.6 Fighting
 * Level 4.3 Maces & Flails
 - Level 2.4 Armour
 - Level 1.1 Dodging
 - Level 1.7 Invocations


You had 2 spell levels left.
You didn't know any spells.

Dungeon Overview and Level Annotations

Branches:
Dungeon (2/15)

Altars:
Zin

Shops:
D:2 *


Innate Abilities, Weirdness & Mutations

You reflexively headbutt those who attack you in melee.
You have a pair of horns on your head.


Message History

You start resting.
You feel sick. x2
You are no longer poisoned.
You start resting.
You are feeling hungry.
You start resting.
HP restored.
You climb downwards.
The goblin hits you but does no damage.
The gnoll hits you. x2; The gnoll hits you but does no damage.
The gnoll hits you. The goblin barely misses you. The gnoll misses you.
You furiously retaliate!
You headbutt the gnoll!
There is a stone staircase leading up, spattered with blood here.
Unknown command.
The gnoll hits you with a whip!
* * * LOW HITPOINT WARNING * * *
The goblin closely misses you. You furiously retaliate!
You headbutt the goblin, but do no damage.
The gnoll hits you!
* * * LOW HITPOINT WARNING * * *
The gnoll hits you.
You die...

###.##......#
.........(###
#.#.#####.#########
#.#.# ##..........##
....###............##
.....#...>..[.......#
.....#..............#
.....#.........g.g..#
###............g@g..#
)...................#
.##..##............##
#..###..........##
#..# ############
#..# ####


You could see 3 gnolls and a goblin.

Vanquished Creatures
  An adder (D:2)
  3 giant cockroaches (D:1)
  3 goblins
  2 hobgoblins
  2 jackals (D:1)
  A bat (D:1)
  A frilled lizard (D:1)
  4 kobolds
  2 rats
19 creatures vanquished.

Notes
Turn   | Place    | Note
-------+----------+-------------------------------------------
     0 | Abyss:1  | aurelian the Minotaur Abyssal Knight began the quest for the Orb.
     0 | Abyss:1  | Reached XP level 1. HP: 19/19 MP: 1/1
    25 | Abyss:1  | Noticed an ice devil
    27 | D:1      | Escaped the Abyss
   102 | D:1      | Reached skill level 3 in Maces & Flails
   304 | D:1      | Reached XP level 2. HP: 18/26 MP: 2/2
   473 | D:1      | Reached * piety under Lugonu
  1137 | D:2      | Found Zin's Purification Station.
  1137 | D:2      | Found a glowing silver altar of Zin.
  1162 | D:2      | Reached skill level 4 in Maces & Flails
  1162 | D:2      | Reached XP level 3. HP: 15/31 MP: 3/3
  1423 | D:2      | Slain by a gnoll

Vault maps used:
D:1:      evilmike_arrival_fibonacci_small
D:2:      zin_purify

Skill      XL: |  1  2 |
---------------+-------+-----
Maces & Flails | 3 4 |  4.3
Fighting       | |  3.6
Armour         | |  2.4
Dodging        | |  1.1
Invocations    | |  1.7

Action                   || total
-------------------------++-------
Melee: Mace              ||    46
       Headbutt          ||     7
Invok: Depart the Abyss  ||     1
  Eat: Chunk             ||     1
Armor: Leather armour    ||    26
Dodge: Dodged            ||    35

Table legend:
 A = Spawn XP
 B = Non-spawn XP
 C = Spawn XP percentage of total XP
 D = Spawn monster count
 E = Non-spawn monster count
 F = Spawn count percentage of total count
 G = Total turns spent on level
                    A         B        C        D         E        F      G
               +---------+---------+-------+---------+---------+-------+---------
         Total |       0 |      42 |   0.0 |       0 |      19 |   0.0 |  1423
               +---------+---------+-------+---------+---------+-------+---------
           D:1 |       0 |      24 |   0.0 |       0 |      14 |   0.0 |  1306
           D:2 |       0 |      18 |   0.0 |       0 |       5 |   0.0 |    90
               +---------+---------+-------+---------+---------+-------+---------
